Map: 2000 Atmospheres LE

Players

TeebuL

  • Race: Protoss Protoss

Seither - Winner!

  • Race: Terran Terran

Event: DreamHack SC2 Masters 2021 Fall

VOD

Have the link to the VOD?

Description

Time

  • Played on: July 31, 2021, 4:13 a.m.
  • Length: 9:49

All games in this series

Show
View Real Time Build Order
Export as new Build Order

TeebuL Protoss 

Build Orders: 1 Gate Expand, Oracle Opening, Zealot Archon 

Get SALT Encoding   

  12  0:00  Probe  
  13  0:12  Probe  
  14  0:18  Pylon  
  14  0:24  Probe (Chrono Boost)  
  15  0:36  Gateway  
  15  0:38  Probe (Chrono Boost)  
  16  0:44  Probe (Chrono Boost)  
  16  0:48  Assimilator  
  17  0:52  Probe  
  19  1:04  Probe  
  19  1:16  Probe  
  20  1:24  Cybernetics Core  
  20  1:33  Nexus  
  20  1:40  Pylon  
  20  1:45  Probe  
  21  1:49  Assimilator  
  21  1:57  Probe  
  21  2:01  Adept (Chrono Boost)  
  22  2:04  Warp Gate  
  24  2:09  Probe (Chrono Boost)  
  25  2:21  Probe (Chrono Boost)  
  26  2:24  Twilight Council  
  26  2:27  Probe (Chrono Boost)  
  27  2:36  Probe (Chrono Boost)  
  28  2:37  Sentry  
  30  2:44  Gateway  
  30  2:47  Probe (Chrono Boost)  
  32  2:53  Probe (Chrono Boost)  
  32  2:56  Probe (Chrono Boost)  
  33  2:59  Oracle  
  33  3:00  Probe (Chrono Boost)  
  33  3:01  Probe  
  35  3:08  Charge (Chrono Boost)  
  35  3:10  Stalker  
  35  3:12  Probe  
  38  3:13  Probe  
  37  3:25  Gateway, Probe (Chrono Boost)  
  39  3:27  Probe (Chrono Boost)  
  39  3:30  Pylon  
  39  3:37  Probe (Chrono Boost)  
  39  3:40  Probe (Chrono Boost)  
  41  3:41  Probe (Chrono Boost)  
  41  3:48  Probe  
  43  3:52  Probe  
  43  3:53  Pylon  
  44  4:00  Probe  
  44  4:01  Zealot x2  
  49  4:05  Probe  
  49  4:08  Nexus  
  50  4:11  Pylon  
  50  4:12  Probe  
  51  4:19  Probe  
  51  4:20  Zealot  
  54  4:24  Stalker  
  54  4:27  Zealot  
  54  4:28  Probe  
  59  4:33  Probe  
  60  4:39  Forge  
  60  4:40  Probe  
  60  4:43  Pylon, Stalker  
  63  4:45  Probe  
  63  4:47  Sentry  
  63  4:48  Zealot  
  68  4:53  Probe  
  68  4:57  Probe  
  70  5:05  Probe  
  70  5:06  Protoss Ground Weapons Level 1 (Chrono Boost)  
  71  5:10  Pylon, Zealot, Probe  
  71  5:11  Zealot x2  
  78  5:15  Shield Battery  
  78  5:19  Probe  
  79  5:31  Zealot x3  
  79  5:32  Probe (Chrono Boost)  
  77  5:38  Probe (Chrono Boost)  
  77  5:42  Robotics Facility  
  72  5:43  Probe (Chrono Boost)  
  72  5:45  Probe (Chrono Boost)  
  72  5:47  Probe (Chrono Boost)  
  72  5:55  Gateway  
  72  5:56  Gateway  
  72  5:57  Blink  
  72  5:58  Gateway  
  72  5:59  Probe  
  72  6:01  Sentry, Zealot x2, Gateway  
  72  6:03  Probe  
  80  6:05  Probe  
  81  6:15  Gateway  
  81  6:16  Assimilator, Probe  
  81  6:17  Probe  
  81  6:18  Probe  
  84  6:19  Assimilator  
  84  6:23  Observer, Zealot x2  
  88  6:28  Probe  
  88  6:31  Templar Archives, Zealot  
  92  6:33  Probe  
  92  6:34  Assimilator  
  92  6:36  Assimilator, Pylon  
  93  6:40  Warp Prism (Chrono Boost)  
  93  6:46  Zealot x2  
  99  6:51  Protoss Ground Armor Level 1 (Chrono Boost)  
  99  6:54  Zealot x4  
  105  7:06  Zealot  
  105  7:07  Zealot  
  108  7:15  Pylon  
  108  7:16  Pylon x2  
  106  7:24  Zealot x5  
  106  7:26  High Templar  
  106  7:30  Psionic Storm  
  106  7:31  High Templar  
  106  7:32  Zealot  
  106  7:36  Immortal  
  112  7:39  Archon  
  112  7:45  Zealot x5  
  122  7:56  Shield Battery  
  114  8:00  High Templar x2  
  114  8:05  Archon  
  114  8:06  Zealot x5  
  114  8:07  Zealot  
  114  8:29  Zealot x2  
  114  8:33  Pylon  
  116  8:35  High Templar x3  
  114  8:43  Nexus  
  114  8:55  Zealot x5  
  123  9:09  Zealot x3  
  119  9:16  Archon  
  98  9:18  Zealot x5  
Show
View Real Time Build Order
Export as new Build Order

Seither Terran - Winner!

Build Orders:  

Get SALT Encoding   

  12  0:00  SCV  
  13  0:12  SCV  
  14  0:17  Supply Depot  
  14  0:24  SCV  
  15  0:39  SCV  
  15  0:40  Barracks  
  16  0:44  Refinery  
  16  0:51  SCV  
  17  1:03  SCV  
  18  1:15  SCV  
  19  1:28  Marine, Orbital Command  
  20  1:46  Command Center  
  20  1:48  Barracks Reactor  
  20  1:54  SCV  
  21  2:06  Supply Depot, SCV  
  22  2:13  Barracks  
  22  2:18  SCV  
  23  2:27  Marine x2  
  25  2:31  Barracks  
  25  2:35  SCV  
  26  2:45  Marine x2  
  26  2:47  SCV  
  29  2:59  SCV, Orbital Command  
  29  3:03  Marine  
  29  3:04  Marine, Barracks Tech Lab  
  32  3:11  SCV  
  33  3:19  Barracks Tech Lab  
  32  3:22  Reaper, Stimpack  
  32  3:23  SCV  
  32  3:24  Marine  
  32  3:25  SCV  
  36  3:28  Marine  
  36  3:33  Supply Depot  
  37  3:35  SCV  
  37  3:38  SCV  
  37  3:39  Marine  
  40  3:41  Combat Shield  
  40  3:44  Marine  
  40  3:47  Marine, SCV  
  43  3:50  SCV  
  43  3:53  Marine, Supply Depot  
  45  3:59  SCV  
  46  4:04  Marine x2  
  46  4:05  Marine  
  46  4:06  SCV  
  50  4:10  Engineering Bay  
  50  4:12  SCV  
  51  4:19  Marine  
  51  4:21  SCV  
  51  4:22  Marine  
  51  4:23  Marauder  
  51  4:24  SCV, Marauder, Factory  
  59  4:26  Refinery  
  59  4:28  Refinery  
  59  4:29  Supply Depot  
  59  4:34  SCV  
  59  4:36  SCV  
  59  4:37  Marine  
  62  4:38  Supply Depot  
  62  4:50  Marine  
  62  4:51  Marauder x2  
  62  4:52  SCV x2  
  69  4:53  Supply Depot  
  69  4:57  Refinery  
  69  4:59  Marine  
  70  5:03  Terran Infantry Weapons Level 1  
  70  5:04  SCV x2  
  72  5:08  Marine  
  72  5:13  Starport  
  73  5:16  Supply Depot, SCV x2  
  73  5:18  Marauder x2  
  73  5:19  Marine  
  77  5:28  SCV x2  
  77  5:34  Factory Reactor  
  76  5:40  SCV x2  
  74  5:45  Marine x2, Marauder  
  74  5:46  Marauder  
  74  5:49  Supply Depot  
  79  5:51  Barracks  
  79  5:53  Barracks  
  79  5:58  Supply Depot  
  79  5:59  Concussive Shells  
  79  6:06  Marine x2  
  79  6:07  Supply Depot  
  79  6:09  Marauder x2  
  85  6:15  Supply Depot, Medivac x2, Factory Reactor  
  89  6:22  Supply Depot  
  89  6:24  Marine x2  
  91  6:30  Marauder  
  91  6:31  Marauder  
  95  6:39  Barracks Reactor  
  95  6:40  Barracks Tech Lab  
  95  6:43  Marine x2  
  97  6:50  Medivac x2  
  97  6:52  Marauder x2  
  97  6:53  Widow Mine x2  
  109  6:58  Supply Depot  
  109  7:00  Marauder  
  111  7:04  Command Center  
  111  7:05  SCV x2  
  113  7:11  Marine x2  
  113  7:13  Marauder x2  
  119  7:16  Terran Infantry Armor Level 1  
  119  7:21  Marauder  
  116  7:26  Marine x2  
  110  7:35  Marine x2, Marauder x2  
  110  7:36  Widow Mine x2  
  118  7:39  Medivac  
  118  7:42  Marauder  
  118  7:43  Medivac  
  124  7:46  Marine x2  
  124  7:59  Marine, Marauder x2  
  124  8:00  Widow Mine x2  
  124  8:04  Marauder  
  133  8:07  Marine  
  133  8:08  Marine x2  
  132  8:22  Marine, Marauder  
  132  8:23  SCV x2, Marauder  
  132  8:25  Marine  
  139  8:31  Armory, Engineering Bay  
  139  8:35  SCV x2  
  139  8:41  Marine x2  
  142  8:43  Marauder  
  142  8:44  Marauder x2  
  142  8:45  Orbital Command  
  142  8:47  Marine  
  150  8:53  Marine  
  151  8:59  Marine  
  151  9:01  Marine  
  151  9:04  Marine, Marauder  
  151  9:05  Widow Mine x2, Marauder  
  136  9:17  Marine x2  
  136  9:18  Marauder  
  124  9:26  Marauder  
  124  9:27  Widow Mine x2  
  124  9:29  SCV  
  124  9:30  SCV x2  

Tags
 
Add a new tag
Caveats
  • Supply blocks, unpowered buildings, or Contaminate may cause inaccurate times.
  • Supply counts are checked every 10 seconds.